 Seeded DCSS version 0.32-a0-33-g74fbe469d6 (webtiles) character file.

Game seed: 9872065412798756122 (custom seed)

484 timneilson the Shield-Bearer (level 7, -1/43 HPs)
             Began as a Gargoyle Fighter on Jan 20, 2024.
             Splashed by a jelly's acid (4 damage)
             ... on level 4 of the Dungeon.
             The game lasted 00:04:53 (3186 turns).

timneilson the Shield-Bearer (Gargoyle Fighter)     Turns: 3186, Time: 00:04:54

Health: -1/43      AC:  0    Str: 19    XL:     7   Next: 12%
Magic:  0/7        EV:  8    Int:  9    God:
Gold:   157        SH:  6    Dex: 11    Spells: 6/6 levels left

rFire   . . .        a - +1 long sword (protect)
rCold   . . .        c - +1 buckler
rNeg    + . .        p - +0 chain mail
rPois   ∞            m - +2 helmet
rElec   +            d - +0 cloak
rCorr   .            g - +0 pair of gloves
SInv    .            (no boots)
Will    .....        k - amulet of guardian spirit Stlth
                     (no ring)
HPRegen 0.27/turn    (no ring)
MPRegen 0.10/turn

%: guardian spirit
@: corroded, under a protective aura
A: sickness immunity, AC +4, negative energy resistance 1, electricity
resistance, torment resistance 1, petrification resistance
a: no special abilities


You were on level 4 of the Dungeon.
You visited 1 branch of the dungeon, and saw 4 of its levels.

You collected 157 gold pieces.

Inventory:

Hand Weapons
 a - a +1 long sword of protection (weapon)
Armour
 c - a +1 buckler (worn)
 d - a +0 cloak (worn)
 g - a +0 pair of gloves (worn)
 m - a +2 helmet (worn)
 p - a +0 chain mail (worn)
Jewellery
 k - an amulet of guardian spirit (around neck)
Scrolls
 e - 2 scrolls of revelation
 h - a scroll of fear
 j - 2 scrolls of brand weapon
 l - a scroll of poison
Potions
 b - a potion of enlightenment
 f - 2 potions of magic {unknown}
 i - 2 potions of curing {unknown}
 n - a potion of brilliance


   Skills:
 + Level 4.2 Fighting
 * Level 3.6 Long Blades
 * Level 5.0 Armour
 + Level 1.9 Dodging
 * Level 5.2 Shields


You had 6 spell levels left.
You didn't know any spells.
Your spell library contained the following spells:

 Spells                   Type           Power      Damage    Failure   Level
 Ensorcelled Hibernation  Hex/Ice        0%         N/A       99%         2
 Passwall                 Erth           0%         N/A       100%        3
 Swiftness                Air            0%         N/A       100%        3


Dungeon Overview and Level Annotations

Branches:
Dungeon (4/15)
 Temple: D:4-7

Altars:
Cheibriados
Dithmenos
Gozag
Nemelex Xobeh
Xom

Shops:
D:1 :


Innate Abilities, Weirdness & Mutations

You are immune to sickness and miasma.
Your stone body is resilient. (AC +4)
You are immune to poison.
You resist negative energy. (rN+)
You are resistant to electric shocks. (rElec)
You are resistant to unholy torment.
You are immune to petrification.


Message History

The jelly is heavily wounded.
The jelly barely misses you.
You hit the jelly. The acid corrodes you!
Your hands burn!
The jelly is severely wounded.
The jelly hits you.
You are splashed with acid!
The jelly closely misses you.
You hit the jelly but do no damage. The acid corrodes you!
Your hands burn!
* * * LOW HITPOINT WARNING * * *
The jelly is severely wounded.
The jelly hits you but does no damage.
You hit the jelly but do no damage.
Your hands burn!
* * * LOW HITPOINT WARNING * * *
The jelly is severely wounded.
The jelly hits you but does no damage.
Unknown command.
You feel much better. The jelly hits you but does no damage.
You hit the jelly. The acid corrodes you!
Your hands burn!
The jelly is severely wounded.
You block the jelly's attack.
You hit the jelly but do no damage. The acid corrodes you!
Your hands burn!
The jelly is severely wounded.
The jelly hits you but does no damage. You block the jelly's attack.
You hit the jelly.
Your hands burn!
The jelly is almost dead.
The jelly hits you but does no damage.
You hit the jelly but do no damage. The acid corrodes you!
Your hands burn!
The jelly is almost dead.
The jelly hits you but does no damage.
You hit the jelly but do no damage.
Your hands burn!
The jelly is almost dead.
You block the jelly's attack.
You hit the jelly but do no damage.
Your hands burn!
The jelly is almost dead.
The jelly hits you. The acid corrodes you!
You are splashed with acid!
* * * LOW HITPOINT WARNING * * *
The jelly hits you.
* * * LOW HITPOINT WARNING * * *
The acid corrodes you!
You are splashed with acid!
* * * LOW HITPOINT WARNING * * *
You hit the jelly but do no damage. The acid corrodes you!
Your hands burn!
You die...

#............
#............
#............
#.......... ..#
#......... ...#####
#.......#####......#
+...J...#...#......#
#....@..'...#......#
..........#.......>..#
..........###._......#
.......####..........#
.......#..'..........#
###....#..#....#######
#....#..#....#
#.>..#..#....#
#..#....#


You could see a jelly.

Vanquished Creatures
  Sigmund (D:3)
  A black bear (D:4)
  A kobold brigand (D:3)
  The ghost of PriceMaster the Firebug, an amateur OpFE (D:3)
  2 adders
  A ribbon worm (D:3)
  7 orcs (D:3)
  A bat (D:1)
  9 endoplasms
  A giant cockroach (D:2)
  5 goblins
  7 hobgoblins
  A ball python (D:2)
  2 frilled lizards (D:1)
  12 kobolds
  4 rats
56 creatures vanquished.

Notes
Turn   | Place    | Note
-------+----------+-------------------------------------------
     0 | D:1      | timneilson the Gargoyle Fighter began the quest for the
                  | Orb.
     0 | D:1      | Reached XP level 1. HP: 14/14 MP: 1/1
   263 | D:1      | Found Logiotz's Book Emporium.
   337 | D:1      | Reached XP level 2. HP: 19/19 MP: 2/2
  1114 | D:2      | Reached XP level 3. HP: 23/23 MP: 3/3
  1554 | D:2      | Found a faded altar of an unknown god.
  1945 | D:3      | Found a runed translucent gate.
  1945 | D:3      | Found a runed translucent gate.
  1945 | D:3      | Noticed PriceMaster's ghost (amateur OpFE)
  1945 | D:3      | Identified the +2 leather armour of Nubi {rElec Regen+}
  1946 | D:3      | Found a runed translucent gate.
  1972 | D:3      | Found a sparkling altar of Nemelex Xobeh.
  1972 | D:3      | Found an opulent altar of Gozag.
  2068 | D:3      | Found a shadowy altar of Dithmenos.
  2070 | D:3      | Found a shimmering altar of Xom.
  2235 | D:3      | Noticed Sigmund
  2279 | D:3      | Killed Sigmund
  2280 | D:3      | Reached skill level 1 in Dodging
  2280 | D:3      | Reached XP level 4. HP: 10/29 MP: 2/4
  2280 | D:3      | Reached XP level 5. HP: 11/33 MP: 2/5
  2280 | D:3      | Reached XP level 6. HP: 13/38 MP: 2/6
  2667 | D:3      | Identified the +2 leather armour "Nytall" {rF+ Int+5
                  | Stlth+}
  2827 | D:3      | Killed PriceMaster's ghost
  2828 | D:3      | Reached skill level 5 in Shields
  2895 | D:4      | Noticed a black bear
  2906 | D:4      | Killed a black bear
  2907 | D:4      | Reached skill level 5 in Armour
  2907 | D:4      | Reached XP level 7. HP: 42/43 MP: 7/7
  3148 | D:4      | Found a snail-covered altar of Cheibriados.
  3186 | D:4      | Splashed by a jelly's acid

Illustrated notes

Levels and vault maps discovered:
D:1:      dpeg_arrival_stone_temple_mockup, layout_loops_corners, serial_shops,
          shop, minmay_split_cup_large
D:2:      layout_basic, chequers_ecumenical_altar_grove, chequers_jeans
D:3:      cheibrodos_thug_alley, layout_rooms, grunt_temple_overflow_opulence,
          grunt_temple_overflow_open, biasface_ghost_orc_armoury, uniq_sigmund
D:4:      minmay_razor_zed, layout_gridville, cheibriados_altar_1,
          ebering_ghost_sewer_f, serial_bayou, serial_bayou_pond_d,
          serial_bayou_shore_b, serial_bayou_pond_a, serial_bayou_shore_b,
          uniq_blork_the_orc

Skill      XL: |  1  2  3  4  5  6 |
---------------+-------------------+-----
Long Blades    | 2 3 |  3.6
Armour         | 4 5 |  5.0
Dodging        | 1 |  1.9
Shields        | 4 5 |  5.2
Fighting       | 4 |  4.2

Action                     |  1- 3 |  4- 6 |  7- 9 || total
---------------------------+-------+-------+-------++-------
  Melee: Long sword        |   126 |    96 |    23 ||   245
    Use: Scroll            |    11 |     3 |       ||    14
         Potion            |     2 |       |     1 ||     3
 Armour: Scale mail        |    59 |       |       ||    59
         Chain mail        |    27 |    74 |    15 ||   116
  Dodge: Dodged            |    45 |    36 |     6 ||    87
  Block: Buckler           |    24 |    38 |     9 ||    71

Table legend: (Time is in decaauts)
 A = Elapsed time spent in this place.
 B = Non-inter-level travel time spent in this place.
 C = Inter-level travel time spent in this place.
 D = Time resting spent in this place.
 E = Time spent auto-exploring this place.
 F = Levels seen in this place.
 G = Mean time per level.
                   A        B        C        D        E       F      G
               +--------+--------+--------+--------+--------+-----+--------+
         Total |   3260 |   3079 |    181 |      0 |   2307 |   4 |  815.0 |
       Dungeon |   3260 |   3079 |    181 |      0 |   2307 |   4 |  815.0 |
               +--------+--------+--------+--------+--------+-----+--------+

Top non-repeatable levels by time:
     D:3: 1025 daAuts
     D:2: 984 daAuts
     D:1: 933 daAuts
     D:4: 316 daAuts
